 Dungeon Crawl Stone Soup version 0.20-a0-490-g2d938b1 (webtiles) character file.

1059 M4edhros the Covert (level 8, -3/48 HPs)
             Began as an Octopode Artificer on Jan 15, 2017.
             Killed by divine providence
             ... invoked by an orc priest
              (16 damage)
             ... on level 5 of the Dungeon.
             The game lasted 00:03:00 (2179 turns).

M4edhros the Covert (Octopode Artificer)            Turns: 2179, Time: 00:03:00

Health: -3/48      AC:  1    Str: 11    XL:     8   Next: 27%
Magic:  10/10      EV: 13    Int: 13    God:
Gold:   135        SH:  0    Dex: 15    Spells: 7/7 levels left

rFire    . . .     SeeInvis .   a - +0 short sword
rCold    . . .     Gourm    .   (no shield)
rNeg     . . .     Faith    .   (helmet restricted)
rPois    .         Spirit   .   t - amulet of harm
rElec    .         Reflect  .   r - ring of protection from magic
rCorr    .         Harm     +   (no ring)
MR       +....                  (no ring)
Stlth    ++++++....             (no ring)
Regen    0.1/turn               (no ring)
                                (no ring)
                                (no ring)
                                (no ring)

@: no status effects
A: almost no armour, stealthy swim, amphibious, 8 rings, constrict 8, camouflage
1, gelatinous body 1
a: no special abilities


You were on level 5 of the Dungeon.
You were not hungry.

You visited 1 branch of the dungeon, and saw 5 of its levels.

You collected 135 gold pieces.

Inventory:

Hand Weapons
 a - a +0 short sword (weapon)
 m - a +0 hunting sling
 v - a +0 trident
Missiles
 i - 52 stones (quivered)
 q - 32 sling bullets
Jewellery
 r - a ring of protection from magic (left tentacle)
 t - an amulet of harm (around mantle)
Wands
 b - a wand of flame (0/48)
 c - a wand of enslavement (11/24)
 d - a wand of random effects (36/48)
Scrolls
 e - 2 scrolls of random uselessness {unknown}
 h - 2 scrolls of fog
 o - 2 scrolls of enchant weapon {unknown}
 u - a scroll of amnesia {unknown}
Potions
 g - a potion of flight
 j - a potion of berserk rage {unknown}
 l - 2 potions of curing {unknown}
 n - a potion of heal wounds {unknown}
 s - a potion of mutation {unknown}
Comestibles
 f - 2 bread rations
 k - a beef jerky
 p - a meat ration
 w - 2 chunks of flesh


   Skills:
 - Level 1.0 Fighting
 - Level 1.0 Short Blades
 * Level 5.5 Slings
 - Level 2.0 Dodging
 + Level 10.5 Stealth
 - Level 3.2 Evocations


You had 7 spell levels left.
You didn't know any spells.

Dungeon Overview and Level Annotations

Branches:
Dungeon (5/15)
 Temple: D:4-7

Altars:
Ashenzari
Dithmenos
Uskayaw

Shops:
D:4 (


Innate Abilities, Weirdness & Mutations

You cannot wear most types of armour.
You are very stealthy in the water. (Stealth+)
You are amphibious.
You can wear up to eight rings at the same time.
You can use your tentacles to constrict eight enemies at once.
Your skin changes colour to match your surroundings (Stealth+).
Your rubbery body absorbs attacks. (AC +1, EV +1)


Message History

Aim: Sigmund, wielding a scythe and wearing a robe (heavily wounded)
The fireball explodes!
The fireball engulfs Sigmund.
Sigmund is almost dead.
This wand has 36 charges left.
Sigmund casts a spell at you. The puff of flame hits you!
* * * LOW HITPOINT WARNING * * *
Evoke which item? (* to show all) (? for menu, Esc to quit)
Aiming: Throw Flame
Press: ? - help, Shift-Dir - straight line, f/p - Sigmund
Aim: Sigmund, wielding a scythe and wearing a robe (almost dead)
The puff of flame hits Sigmund.
You kill Sigmund!
Your Slings skill gained 2 levels and is now at level 5!
Your Stealth skill increases to level 10!
You have reached level 8!
This wand has 0 charges left.
The orc priest calls down the wrath of Beogh upon you.
Beogh smites you!
You die...

...........#
..oo......>#
.a.........#
....o......#
...........#
...........# #.
...........#
#...########$###
#'#
#......@.)o.####
#.#
#.###..........#
#.# #.#
#..........#
#'########.#
#..........####
...........#
#.............#
...........#
#..........##.#
...........#
#..........##.#
..)........#
#######'#####.#
(..[.......# #.#
#...#


You could see an orc priest.

Vanquished Creatures
  Sigmund (D:5)
  A phantom (D:5)
  2 ogres (D:4)
  A howler monkey (D:4)
  A jelly (D:5)
  2 orc priests
  An iguana (D:5)
  2 worker ants
  A worker ant zombie (D:5)
  2 gnolls (D:5)
  5 adders
  A shadow imp (D:5)
  2 worms (D:4)
  2 dart slugs
  2 leopard geckos
  7 orcs
  2 jackals (D:1)
  3 kobolds
  2 quokkas
  A bat (D:1)
  A frilled lizard (D:1)
  A jackal skeleton (D:4)
  A rat (D:1)
44 creatures vanquished.

Vanquished Creatures (collateral kills)
  A gnoll (D:5)
  2 orcs (D:5)
3 creatures vanquished.

Vanquished Creatures (others)
  A sky beast (D:5)
  A gnoll (D:5)
2 creatures vanquished.

Grand Total: 49 creatures vanquished

Notes
Turn   | Place    | Note
-------+----------+-------------------------------------------
     0 | D:1      | M4edhros the Octopode Artificer began the quest for the Orb.
     0 | D:1      | Reached XP level 1. HP: 13/13 MP: 3/3
   270 | D:1      | Reached skill level 2 in Stealth
   280 | D:1      | Reached XP level 2. HP: 18/18 MP: 4/4
   284 | D:1      | Reached skill level 3 in Stealth
   295 | D:1      | Found a shattered altar of Ashenzari.
   450 | D:3      | Reached skill level 4 in Stealth
   524 | D:4      | Reached XP level 3. HP: 21/23 MP: 5/5
   800 | D:4      | Noticed an ogre
   814 | D:4      | Killed an ogre
   814 | D:4      | Reached skill level 6 in Stealth
   814 | D:4      | Reached XP level 4. HP: 27/28 MP: 6/6
   814 | D:4      | Reached XP level 5. HP: 32/33 MP: 7/7
   823 | D:4      | Found a shadowy altar of Dithmenos.
   855 | D:4      | Reached skill level 7 in Stealth
   863 | D:4      | Noticed an ogre
   873 | D:4      | Killed an ogre
   873 | D:4      | Reached skill level 8 in Stealth
   873 | D:4      | Reached XP level 6. HP: 36/38 MP: 8/8
   918 | D:4      | Found Qaelum's Antique Weapon Shoppe.
  1241 | D:4      | Reached skill level 1 in Slings
  1241 | D:4      | Reached skill level 9 in Stealth
  1361 | D:5      | Entered Level 5 of the Dungeon
  1440 | D:5      | Noticed a phantom
  1449 | D:5      | Killed a phantom
  1541 | D:5      | Found a hide-covered altar of Uskayaw.
  1580 | D:5      | Reached XP level 7. HP: 32/43 MP: 9/9
  2158 | D:5      | Noticed Sigmund
  2179 | D:5      | Killed Sigmund
  2179 | D:5      | Reached skill level 5 in Slings
  2179 | D:5      | Reached skill level 10 in Stealth
  2179 | D:5      | Reached XP level 8. HP: 13/48 MP: 10/10
  2179 | D:5      | Killed from afar by an orc priest

Vault maps used:
D:1:      dpeg_arrival_central, nicolae_ashenzari_panopticon
D:2:      first_bread
D:3:      trog_butcher_becter, uniq_robin
D:4:      serial_shops, nicolae_shop_window_shopping,
          grunt_dithmenos_smoke_and_mirrors
D:5:      lemuel_crystal_altar, serial_shops,
          nicolae_shop_temple_entry_statues_fountains, roderic_lattice_a,
          hangedman_feature_mirror, uniq_sigmund

Skill      XL: |  1  2  3  4  5  6  7 |
---------------+----------------------+-----
Stealth        | 2 4 6 8 9 10 | 10.5
Slings         | 2 5 |  5.5
Fighting       | |  1.0
Short Blades   | |  1.0
Dodging        | |  2.0
Evocations     | |  3.2

Action                   |  1- 3 |  4- 6 |  7- 9 || total
-------------------------+-------+-------+-------++-------
Melee: Short sword       |    34 |    29 |    15 ||    78
       Constrict         |     5 |     8 |     3 ||    16
       Tentacles         |     6 |     7 |     3 ||    16
Evoke: Wand              |     4 |    10 |    14 ||    28
  Use: Scroll            |       |     5 |       ||     5
 Stab: Sleeping          |     9 |     8 |     2 ||    19
  Eat: Chunk             |       |     1 |     3 ||     4
Armor: Skin              |     1 |       |     2 ||     3
Dodge: Dodged            |    17 |    12 |    12 ||    41
